 Dungeon Crawl Stone Soup version 0.31-a0-4-gefa6de2278 (webtiles) character file.

Game seed: 9151413555154356176

261 voltaire321 the Digger (level 6, -2/39 HPs)
             Began as an Octopode Earth Elementalist on May 3, 2023.
             Succumbed to Blork the orc's poison
             ... on level 4 of the Dungeon.
             The game lasted 00:09:00 (2554 turns).

voltaire321 the Digger (OpEE)                       Turns: 2554, Time: 00:09:01

Health: -2/39      AC:  1    Str:  8    XL:     6   Next: 18%
Magic:  6/10       EV: 13    Int: 19    God:
Gold:   62         SH:  5    Dex: 12    Spells: 4/10 levels left

rFire   . . .        j - +3 spear
rCold   . . .        p - +2 buckler {rPois}
rNeg    . . .        (helmet restricted)
rPois   +            n - amulet of regeneration
rElec   .            (no ring)
rCorr   .            (no ring)
SInv    .            (no ring)
Will    .....        (no ring)
Stlth   +++          (no ring)
HPRegen 1.06/turn    (no ring)
MPRegen 0.12/turn    (no ring)
                     (no ring)

%: no passive effects
@: lethally poisoned (-2 -> -12)
A: almost no armour, amphibious, 8 rings, camouflage 1, gelatinous body 1,
(nimble swimmer 1), tentacles
a: no special abilities


You were on level 4 of the Dungeon.
You visited 1 branch of the dungeon, and saw 4 of its levels.

You collected 204 gold pieces.
You spent 142 gold pieces at shops.

Inventory:

Hand Weapons
 h - a +0 rapier
 j - a +3 spear (weapon)
Armour
 l - the orb of the Little Devil {*channel, Drain rF+ Regen+ Stlth+}
   (You found it on level 3 of the Dungeon)

   rF:        It protects you from fire.
   Regen:     It increases your rate of health regeneration.
   Drain:     It drains your maximum health when unequipped.
   Stlth:     It makes you more stealthy.
 p - a +2 buckler of poison resistance (worn)
Jewellery
 n - an amulet of regeneration (around mantle)
Wands
 o - a wand of polymorph (2)
Scrolls
 b - a scroll of magic mapping {unknown}
 c - a scroll of fog {unknown}
 e - 3 scrolls of identify {unknown}
 g - 2 scrolls of enchant weapon {unknown}
 i - 2 scrolls of amnesia {unknown}
 k - a scroll of poison {unknown}
 m - a scroll of enchant armour {unknown}
 r - a scroll of teleportation {unknown}
Potions
 a - a potion of magic
 d - 4 potions of curing {unknown}
 f - a potion of lignification {unknown}
 q - a potion of haste


   Skills:
 + Level 2.2 Fighting
 + Level 3.2 Dodging
 - Level 2.6 Stealth
 + Level 0.3 Shields
 + Level 2.9 Spellcasting
 + Level 2.2 Conjurations
 - Level 2.0 Transmutations
 + Level 3.8 Earth Magic


You had 4 spell levels left.
You knew the following spells:

 Your Spells              Type           Power      Damage    Failure   Level
a - Sandblast             Erth           34%        2d9       4%          1
b - Passwall              Tmut/Erth      10%        N/A       11%         2
c - Stone Arrow           Conj/Erth      28%        3d8       22%         3

Your spell library contained the following spells:

 Spells                   Type           Power      Damage    Failure   Level
 Slow                     Hex            8%         N/A       26%         1
 Confusing Touch          Hex            2%         N/A       58%         3
 Vampiric Draining        Necr           2%         2d6       58%         3
 Petrify                  Tmut/Erth      13%        N/A       58%         4


Dungeon Overview and Level Annotations

Branches:
Dungeon (4/15)
 Temple: D:4-7

Altars:

Shops:
D:3 [   D:4 [

Annotations:
D:4 Blork the orc


Innate Abilities, Weirdness & Mutations

You cannot wear most types of armour.
You are amphibious.
You can wear up to eight rings at the same time.
Your skin changes colour to match your surroundings (Stealth+).
Your rubbery body absorbs attacks. (AC +1, EV +1)
((You are camouflaged when in or above water. (Stealth+)))
You have tentacles for arms and can constrict up to eight enemies at once.


Message History

You kill the jelly!
You open the door.
g - 2 scrolls labelled GOR BEOTUSAEC (gained 1)
r - a scroll labelled DIREBU ZOEFURE You start putting on your amulet.
You continue putting on your amulet of regeneration. x5
You finish putting on your amulet of regeneration.
The amulet throbs as it attunes itself to your uninjured body.
n - an amulet of regeneration (around mantle)
You open the door.
Blork the orc comes into view.
He is wielding a +3 glaive of venom.
There is an open door here.
Aiming: Sandblast (safe; 4% risk of failure)
Press: ? - help, Q - select action, (/) - cycle Shift-Dir - straight line, f - Blork the orc
Aim: Blork the orc, wielding a +3 glaive of venom and wearing a +0 robe (asleep, 100% to hit)
The blast of sand hits Blork the orc.
Blork the orc is lightly wounded.
Aiming: Sandblast (safe; 4% risk of failure)
Press: ? - help, Q - select action, (/) - cycle Shift-Dir - straight line, f/p - Blork the orc
Aim: Blork the orc, wielding a +3 glaive of venom and wearing a +0 robe (lightly wounded, 84% to hit)
The blast of sand hits Blork the orc!
Blork the orc is heavily wounded.
Blork the orc closely misses you.
Blork the orc hits you from afar with a +3 glaive of venom!!
You are poisoned.
Aiming: Sandblast (safe; 4% risk of failure)
Press: ? - help, Q - select action, (/) - cycle Shift-Dir - straight line, f/p - Blork the orc
Aim: Blork the orc, wielding a +3 glaive of venom and wearing a +0 robe (heavily wounded, 84% to hit)
The blast of sand hits Blork the orc!
Blork the orc is severely wounded.
You feel extremely sick. Blork the orc casts a spell at you.
The puff of flame hits you!
* * * LOW HITPOINT WARNING * * *
Aiming: Sandblast (safe; 4% risk of failure)
Press: ? - help, Q - select action, (/) - cycle Shift-Dir - straight line, f/p - Blork the orc
Aim: Blork the orc, wielding a +3 glaive of venom and wearing a +0 robe (severely wounded, 84% to hit)
The blast of sand hits Blork the orc but does no damage.
Blork the orc is severely wounded.
You die...

#.... ....... #....
..... ... #.... .....
.... #.... ...
....####.... ...
....#...#....
#######o###.##.#...#####
#....##.#...#..+...+....
#....##@#.# #..#...#####
#.........# #..#...'...'
#.........# #..#...#####
#.........###..#...#####
#..................'..##
#..........##......##.##
###........##.>#...##.##
####.....##..#...##.##
#..............#...


You could see Blork the orc.

Vanquished Creatures
  A scorpion (D:3)
  A jelly (D:4)
  An orc priest (D:3)
  3 gnolls (D:2)
  5 adders
  A worm (D:3)
  A dart slug (D:2)
  5 orcs (D:3)
  4 bats
  4 endoplasms
  2 giant cockroaches
  4 goblins
  7 hobgoblins
  4 jackals (D:1)
  4 quokkas (D:1)
  4 ball pythons
  4 frilled lizards
  3 kobolds
  2 rats (D:2)
60 creatures vanquished.

Notes
Turn   | Place    | Note
-------+----------+-------------------------------------------
     0 | D:1      | voltaire321 the Octopode Earth Elementalist began the quest
                  | for the Orb.
     0 | D:1      | Reached XP level 1. HP: 11/11 MP: 3/3
   153 | D:1      | Reached XP level 2. HP: 18/18 MP: 3/5
   163 | D:1      | Learned a level 2 spell: Passwall
   612 | D:1      | Reached XP level 3. HP: 16/22 MP: 1/6
   884 | D:2      | Reached skill level 1 in Fighting
   900 | D:2      | Reached skill level 1 in Conjurations
  1054 | D:2      | Reached XP level 4. HP: 28/28 MP: 7/7
  1391 | D:2      | Learned a level 3 spell: Stone Arrow
  1488 | D:3      | Reached XP level 5. HP: 32/34 MP: 1/8
  1614 | D:3      | Identified the orb of the Little Devil {*channel, Drain rF+
                  | Regen+ Stlth+}
  2224 | D:3      | Found Xeycy's Antique Armour Shop.
  2235 | D:3      | Bought a runed buckler for 142 gold pieces
  2349 | D:4      | Found Cohuypp's Antique Armour Boutique.
  2468 | D:4      | Reached XP level 6. HP: 39/39 MP: 7/10
  2549 | D:4      | Noticed Blork the orc
  2554 | D:4      | Succumbed to Blork the orc's poison

Illustrated notes

Levels and vault maps discovered:
D:1:      wheals_arrival_shading, layout_rooms, nrook_uturn
D:2:      layout_rooms, grunt_decor_cap
D:3:      layout_basic, serial_shops, nicolae_shop_crystal,
          minmay_fractal_squares_diagonal_5
D:4:      layout_basic, marbit_many_paths, serial_corexii_hall,
          corexii_hall_statues_t, corexii_hall_statues_s, serial_shops, shop,
          uniq_blork_the_orc

Skill      XL: |  1  2  3  4  5 |
---------------+----------------+-----
Fighting       | 1 2 |  2.2
Conjurations   | 1 2 |  2.2
Transmutations | 2 |  2.0
Dodging        | 3 |  3.2
Stealth        | |  2.6
Shields        | |  0.3
Spellcasting   | |  2.9
Earth Magic    | |  3.8

Action                     |  1- 3 |  4- 6 || total
---------------------------+-------+-------++-------
  Melee: Dagger            |    21 |     7 ||    28
         Constrict         |     4 |     8 ||    12
         Tentacles         |     4 |     6 ||    10
         Spear             |       |    18 ||    18
   Cast: Sandblast         |    39 |    36 ||    75
         Stone Arrow       |       |     2 ||     2
   Stab: Sleeping          |     3 |     3 ||     6
 Armour: Skin              |     4 |     3 ||     7
  Dodge: Dodged            |    41 |    18 ||    59

Table legend: (Time is in decaauts)
 A = Elapsed time spent in this place.
 B = Non-inter-level travel time spent in this place.
 C = Inter-level travel time spent in this place.
 D = Time resting spent in this place.
 E = Time spent auto-exploring this place.
 F = Levels seen in this place.
 G = Mean time per level.
                   A        B        C        D        E       F      G
               +--------+--------+--------+--------+--------+-----+--------+
         Total |   2592 |   2543 |     49 |    294 |   1725 |   4 |  648.0 |
       Dungeon |   2592 |   2543 |     49 |    294 |   1725 |   4 |  648.0 |
               +--------+--------+--------+--------+--------+-----+--------+

Top non-repeatable levels by time:
     D:3: 954 daAuts
     D:1: 796 daAuts
     D:2: 619 daAuts
     D:4: 222 daAuts
